 Dungeon Crawl Stone Soup version 0.28-a0-850-g09de17f5b5 (webtiles) character file.

Game seed: 8578490002389403466

6 Htamos the Ducker (level 1, 0/11 HPs)
             Began as a Spriggan Monk on Nov 14, 2021.
             Slain by a frilled lizard (2 damage)
             ... on level 1 of the Dungeon.
             The game lasted 00:01:38 (136 turns).

Htamos the Ducker (Spriggan Monk)                    Turns: 136, Time: 00:01:38

Health: 0/11       AC:  2    Str:  7    XL:     1   Next: 75%
Magic:  2/2        EV: 18    Int: 11    God:
Gold:   0          SH:  0    Dex: 17    Spells: 0/0 levels left

rFire   . . .      SeeInvis +   c - +0 rapier
rCold   . . .      Faith    .   (shield restricted)
rNeg    . . .      Spirit   .   b - +0 robe
rPois   .          Reflect  .   (helmet restricted)
rElec   .          Harm     .   (no cloak)
rCorr   .          Rampage  .   (gloves unavailable)
Will    .....                   (boots unavailable)
Stlth   ++........              (no amulet)
HPRegen 0.03/turn               (no ring)
MPRegen 0.08/turn               (no ring)

@: very quick
A: very small, no large weapons, unfitting armour, see invisible, speed 3
a: no special abilities


You were on level 1 of the Dungeon.
You visited 1 branch of the dungeon, and saw 1 of its levels.

Inventory:

Hand Weapons
 a - a +0 short sword
 c - a +0 rapier (weapon)
Armour
 b - a +0 robe (worn)
Scrolls
 d - a scroll of amnesia {unknown}


   Skills:
 * Level 2.5 Fighting
 + Level 3.3 Short Blades
 + Level 4.1 Dodging
 + Level 3.2 Stealth


You couldn't memorise any spells.
You didn't know any spells.
Your spell library was empty.

Dungeon Overview and Level Annotations

Branches:
Dungeon (1/15)

Altars:


Innate Abilities, Weirdness & Mutations

You are very small and have problems with some larger weapons.
You are too small for most types of armour.
You have supernaturally acute eyesight. (SInv)
You cover ground extremely quickly. (Speed+++)


Message History

The slug dart hits you.
You puncture the dart slug!
The dart slug is severely wounded.
You hit the dart slug.
You kill the dart slug!
You see here a dart slug corpse.
The kobold shouts!
The ball python hisses angrily.
You hear a shout!
The kobold throws a stone.
The stone completely misses you.
A hobgoblin comes into view.
You closely miss the kobold. The kobold barely misses you.
The hobgoblin shouts!
The kobold throws a stone.
The stone hits you.
You see here a dart slug corpse.
A frilled lizard and a dart slug come into view.
The frilled lizard hisses angrily.
You completely miss the dart slug. The dart slug launches a dart at you.
The slug dart hits you.
* * * LOW HITPOINT WARNING * * *
You hit the dart slug.
The dart slug is moderately wounded.
The dart slug misses you.
You hit the dart slug.
The dart slug is heavily wounded.
The frilled lizard completely misses you.
You hit the dart slug.
You kill the dart slug!
The frilled lizard closely misses you. The ball python closely misses you.
The ball python barely misses you.
You open the door.
A ball python comes into view.
Found a scroll labelled MOPIDGH SENUM.
There is an open door here.
The helpless ball python fails to defend itself.
You puncture the ball python!
You kill the ball python!
You close the door.
d - a scroll labelled MOPIDGH SENUM You miss the frilled lizard.
The frilled lizard bites you.
You die...

#. #. ##+## ..
##...## #.##
##.....## ##.##
##.......##
#...####.........#
.......+.........+
....####......gl@#
.#.## ##.......##
...# ##.....##
##.########...##
#.........#+##
##..######.#.#
......# #.#.#
####### ##..#.##
#.#.#####.....#
##.Kg..#
#.......#.....#


You could see a hobgoblin and a frilled lizard.

Vanquished Creatures
  2 dart slugs (D:1)
  A ball python (D:1)
3 creatures vanquished.

Notes
Turn   | Place    | Note
-------+----------+-------------------------------------------
     0 | D:1      | Htamos the Spriggan Monk began the quest for the Orb.
     0 | D:1      | Reached XP level 1. HP: 11/11 MP: 2/2
   136 | D:1      | Slain by a frilled lizard

Illustrated notes

Levels and vault maps discovered:
D:1:      minmay_arrival_checkered_box, layout_loops_corners,
          hellmonk_ecumenical_altar_prayer_group, wad_floor_pattern_untrapped

Action                   || total
-------------------------++-------
Melee: Rapier            ||     9
 Stab: Sleeping          ||     1
Dodge: Dodged            ||     8

Table legend: (Time is in decaauts)
 A = Elapsed time spent in this place.
 B = Non-inter-level travel time spent in this place.
 C = Inter-level travel time spent in this place.
 D = Time resting spent in this place.
 E = Time spent auto-exploring this place.
 F = Levels seen in this place.
 G = Mean time per level.
                   A        B        C        D        E       F      G
               +--------+--------+--------+--------+--------+-----+--------+
         Total |     96 |     96 |      0 |      0 |      6 |   1 |   96.0 |
       Dungeon |     96 |     96 |      0 |      0 |      6 |   1 |   96.0 |
               +--------+--------+--------+--------+--------+-----+--------+

Top non-repeatable levels by time:
     D:1: 96 daAuts
